 Dungeon Crawl Stone Soup version 0.29.0 (webtiles) character file.

Game seed: 17668944803205034082

2 zenocrate the Blocker (level 1, -3/13 HPs)
             Began as a Gnoll Wanderer on Aug 25, 2022.
             Frozen to death by an endoplasm (4 damage)
             ... on level 1 of the Dungeon.
             The game lasted 00:00:07 (19 turns).

zenocrate the Blocker (Gnoll Wanderer)                Turns: 19, Time: 00:00:09

Health: -3/13      AC:  3    Str:  8    XL:     1   Next: 30%
Magic:  4/4        EV: 11    Int: 12    God:
Gold:   0          SH:  8    Dex: 13    Spells: 4/5 levels left

rFire   . . .      SeeInvis .   a - +0 dagger
rCold   . . .      Faith    .   e - +2 buckler
rNeg    . . .      Spirit   .   d - +0 robe
rPois   .          Reflect  .   (no helmet)
rElec   .          Harm     .   (no cloak)
rCorr   .          Rampage  .   (no gloves)
Will    .....                   b - +0 pair of boots
Stlth   +++.......              (no amulet)
HPRegen 0.04/turn               (no ring)
MPRegen 0.09/turn               (no ring)

@: no status effects
A: fangs 1, strong nose, distributed training
a: no special abilities


You were on level 1 of the Dungeon.
You visited 1 branch of the dungeon, and saw 1 of its levels.

Inventory:

Hand Weapons
 a - a +0 dagger (weapon)
Armour
 b - a +0 pair of boots (worn)
 d - a +0 robe (worn)
 e - a +2 buckler (worn)
Potions
 c - a potion of heal wounds


   Skills:
 + Level 0.0 Fighting
 + Level 0.0 Short Blades
 + Level 0.0 Long Blades
 + Level 0.0 Axes
 + Level 0.0 Maces & Flails
 + Level 0.0 Polearms
 + Level 0.0 Staves
 + Level 0.0 Ranged Weapons
 + Level 0.0 Throwing
 + Level 0.0 Armour
 + Level 0.0 Dodging
 + Level 5.8 Stealth
 + Level 8.4 Shields
 + Level 0.0 Unarmed Combat
 + Level 2.6 Spellcasting
 + Level 0.0 Conjurations
 + Level 0.0 Hexes
 + Level 0.0 Summonings
 + Level 0.0 Necromancy
 + Level 3.6 Translocations
 + Level 0.0 Transmutations
 + Level 0.0 Fire Magic
 + Level 0.0 Ice Magic
 + Level 0.0 Air Magic
 + Level 0.0 Earth Magic
 + Level 0.0 Poison Magic
 + Level 0.1 Invocations
 + Level 0.0 Evocations


You had 4 spell levels left.
You knew the following spells:

 Your Spells              Type           Power      Damage    Failure   Level
a - Apportation           Tloc           20%        N/A       7%          1

Your spell library contained the following spells:

 Spells                   Type           Power      Damage    Failure   Level
 Portal Projectile        Hex/Tloc       12%        N/A       41%         3


Dungeon Overview and Level Annotations

Branches:
Dungeon (1/15)

Altars:


Innate Abilities, Weirdness & Mutations

You have very sharp teeth.
Your uncanny sense of smell can sniff out nearby items.
Your experience applies equally to all skills.


Message History

Found a leather armour and a club.
Found two stairs.
You begin with the following items: a +0 dagger, a +0 pair of boots, a potion of heal wounds, a +0 robe, a +2 buckler; and the following spell memorised: Apportation; and the following spells available to memorise: Portal Projectile.
You see here a +0 club.
A kobold comes into view. It is wielding a +0 whip.
A kobold is nearby!
A kobold is nearby!
An endoplasm comes into view.
The kobold shouts!
An endoplasm comes into view.
A frilled lizard comes into view.
The kobold hits you with a +0 whip.
You barely miss the kobold.
The endoplasm quivers.
The kobold closely misses you.
You hit the endoplasm.
The endoplasm is heavily wounded.
The endoplasm closely misses you. The kobold hits you with a +0 whip.
You hit the endoplasm.
You kill the endoplasm!
The kobold hits you with a +0 whip.
You closely miss the frilled lizard. Your bite misses the frilled lizard.
The kobold barely misses you. You block the frilled lizard's attack.
You miss the frilled lizard. The kobold hits you but does no damage.
The frilled lizard bites you but does no damage.
You hit the frilled lizard.
You kill the frilled lizard!
The kobold closely misses you. The endoplasm freezes you.
You are frozen.
You are too injured to fight recklessly!
You are too injured to fight recklessly!
You hit the endoplasm.
The endoplasm is heavily wounded.
The kobold hits you but does no damage. You block the endoplasm's attack.
You hit the endoplasm but do no damage.
The endoplasm is heavily wounded.
The kobold hits you with a +0 whip.
* * * LOW HITPOINT WARNING * * *
The endoplasm freezes you.
You are frozen.
You die...

..# ..## .##.#
...### . #.##.#
..... .. #.##.###
...# ..#
##§.....###..#
≈..####.§≈≈≈≈...†K.#
≈≈.[....§§§≈§≈.#@J.#
≈≈..><..≈≈§≈§§§....#
≈≈......≈§§≈§§§..#.#
≈....#...§§≈§§...#.#
.....##.)..§.$.....#
.#.#. #..###.##..###
..###...## .###..#
.# ##.## .# #..# .
## .# #...


You could see an endoplasm and a kobold.

Vanquished Creatures
  An endoplasm (D:1)
  A frilled lizard (D:1)
2 creatures vanquished.

Notes
Turn   | Place    | Note
-------+----------+-------------------------------------------
     0 | D:1      | zenocrate the Gnoll Wanderer began the quest for the Orb.
     0 | D:1      | zenocrate set off with the following items: a +0 dagger, a
                  | +0 pair of boots, a potion of heal wounds, a +0 robe, a +2
                  | buckler; and the following spell memorised: Apportation;
                  | and the following spells available to memorise: Portal
                  | Projectile.
     0 | D:1      | Reached XP level 1. HP: 13/13 MP: 4/4
    19 | D:1      | Frozen to death by an endoplasm

Illustrated notes

Levels and vault maps discovered:
D:1:      dpeg_arrival_pits, layout_loops_ring

Action                   || total
-------------------------++-------
Melee: Dagger            ||     8
Armor: Robe              ||     3
Dodge: Dodged            ||     4
Block: Buckler           ||     2
